 Dungeon Crawl Stone Soup version 0.23-a0-622-g59b4ea9 (webtiles) character file.

3 Leeroy the Charmwright (level 1, -2/17 HPs)
             Began as a Barachi Skald on Dec 23, 2018.
             Slain by a hobgoblin (4 damage)
             ... on level 1 of the Dungeon.
             The game lasted 00:01:13 (137 turns).

Leeroy the Charmwright (Barachi Skald)               Turns: 137, Time: 00:01:14

Health: -2/17      AC:  3    Str: 12    XL:     1   Next: 50%
Magic:  3/3        EV: 12    Int: 13    God:
Gold:   0          SH:  0    Dex: 11    Spells: 3/4 levels left

rFire    . . .     SeeInvis .   a - +0 falchion
rCold    . . .     Gourm    .   (no shield)
rNeg     . . .     Faith    .   b - +0 leather armour
rPois    .         Spirit   .   (no helmet)
rElec    .         Reflect  .   (no cloak)
rCorr    .         Harm     .   (no gloves)
MR       .....                  (no boots)
Stlth    +.........             (no amulet)
HPRegen  0.05/turn              (no ring)
MPRegen  0.08/turn              (no ring)

@: slow
A: +LOS, swims, slowness 1, strong legs 1
a: Hop


You were on level 1 of the Dungeon.
You were not hungry.

You visited 1 branch of the dungeon, and saw 1 of its levels.

Inventory:

Hand Weapons
 a - a +0 falchion (weapon)
 e - a +0 dagger
Missiles
 f - 22 stones (quivered)
 i - 26 arrows
Armour
 b - a +0 leather armour (worn)
Scrolls
 g - a scroll of fear {unknown}
 h - a scroll of identify {unknown}
Comestibles
 c - 2 chunks of flesh
 d - 2 rations


   Skills:
 + Level 2.4 Fighting
 * Level 2.5 Long Blades
 * Level 1.3 Armour
 - Level 2.1 Dodging
 + Level 2.2 Spellcasting
 + Level 3.4 Charms


You had 3 spell levels left.
You knew the following spells:

 Your Spells              Type           Power        Failure   Level  Hunger
a - Infusion              Chrm           ##..         8%          1    ##.....

Your spell library contained the following spells:

 Spells                   Type           Power        Failure   Level  Hunger
 Song of Slaying          Chrm           ##......     12%         2    ###....
 Shroud of Golubria       Chrm/Tloc      #.........   24%         2    ###....
 Regeneration             Chrm/Necr      #.........   43%         3    ####...
 Spectral Weapon          Hex/Chrm       #.......     43%         3    ####...


Dungeon Overview and Level Annotations

Branches:
Dungeon (1/15)

Altars:


Innate Abilities, Weirdness & Mutations

Shadows flee at your approach. (+LOS)
You can swim through water.
You cover ground slowly.
You can hop short distances.


Message History

The frilled lizard closely misses you. The goblin misses you.
You riposte.
You slash the goblin!
You kill the goblin!
The hobgoblin closely misses you. The hobgoblin hits you.
You completely miss the hobgoblin. The frilled lizard bites you.
The hobgoblin misses you.
You hit the hobgoblin.
The hobgoblin is moderately wounded.
The frilled lizard misses you. The hobgoblin hits you.
The frilled lizard bites you.
You barely miss the hobgoblin.
The hobgoblin is moderately wounded.
The hobgoblin hits you.
* * * LOW HITPOINT WARNING * * *
The frilled lizard barely misses you. The hobgoblin barely misses you.
You riposte.
You barely miss the hobgoblin.
The hobgoblin is moderately wounded.
The hobgoblin hits you.
You die...

########.......#
...............#
.....(.........#
...............#
...............#
...............#
...............#
...............#
#############@g.....#
#...........#.l.....#
#+##...........###..####
...#...........# ##.#
...#...........# #.## ..
...#...........# #..# ....
...#####.#+#+#######.#......
...'.........................
...#.....#.#.########........


You could see a hobgoblin and a frilled lizard.

Vanquished Creatures
  2 goblins (D:1)
  A rat (D:1)
3 creatures vanquished.

Notes
Turn   | Place    | Note
-------+----------+-------------------------------------------
     0 | D:1      | Leeroy the Barachi Skald began the quest for the Orb.
     0 | D:1      | Reached XP level 1. HP: 17/17 MP: 3/3
   137 | D:1      | Slain by a hobgoblin

Vault maps used:
D:1:      wander_arrival_lonely_grave, xom_teletrap_fun

Action                   || total
-------------------------++-------
Melee: Falchion          ||    10
Armor: Leather armour    ||     5
Dodge: Dodged            ||    14
       Rpst.: Falchion   ||     3

Table legend:
 A = Non-vault XP
 B = Vault XP
 C = Vault XP percentage of total XP
 D = Non-vault monster count
 E = Vault monster count
 F = Vault count percentage of total count
                 A         B        C        D         E       F
            +---------+---------+-------+---------+---------+-------
      Total |       5 |       0 |   0.0 |       3 |       0 |   0.0
            +---------+---------+-------+---------+---------+-------
        D:1 |       5 |       0 |   0.0 |       3 |       0 |   0.0
            +---------+---------+-------+---------+---------+-------
